[ AOE2 MATCH · #505775913 ]
UnrankedMongols vs Mongols
[ REPLAY ANALYSIS · EXTRACTED FROM THE RECORDED GAME ]
Feudal
10:58
Castle
—
Imperial
—
| APM avg | 48.1 |
| APM peak | 98 |
| eAPM avg | 24.3 |
| Villagers / military | 35 / 7 |
Focus
⚔️ 17.4% · 🌾 82.6%
Archer ×5 · Scout Cavalry ×2
Feudal
13:49
Castle
—
Imperial
—
| APM avg | 23.4 |
| APM peak | 56 |
| eAPM avg | 7.1 |
| Villagers / military | 20 / 0 |
Focus
⚔️ 2.7% · 🌾 97.3%
Feudal
13:26
Castle
—
Imperial
—
| APM avg | 35.1 |
| APM peak | 88 |
| eAPM avg | 12.7 |
| Villagers / military | 45 / 0 |
Focus
⚔️ 13.8% · 🌾 86.2%
Feudal
—
Castle
—
Imperial
—
| APM avg | 8.3 |
| APM peak | 27 |
| eAPM avg | 6.4 |
| Villagers / military | 18 / 0 |
Focus
⚔️ 33.8% · 🌾 66.2%
Match map
Initial resources + every placement click. Lines = walls · curves = elevation contours. ◆ gold · ⬟ stone · ● berries · ✦ relic · ◌ wall gap
Your base· Open — unwalled flank
Exkoria74's base· Open — 10t gap
Lion10K's base· Open — 7t gap
SimbaSKYwalker's base· Open — 10t gap
Smoothed initial terrain · ◌ = detected wall gap · hover for details
Inputs per minute
— HellionBlue - - Exkoria74
Build order — HellionBlue
66 actions detected in the replay
| 0:24 | Build | Town Center |
| 0:50 | Build | House |
| 2:46 | Queue | Villager (Male) |
| 2:46 | Queue | Villager (Male) |
| 2:47 | Queue | Villager (Male) |
| 2:47 | Queue | Villager (Male) |
| 4:21 | Build | House |
| 4:29 | Queue | Villager (Male) |
| 4:29 | Queue | Villager (Male) |
| 4:29 | Queue | Villager (Male) |
| 4:30 | Queue | Villager (Male) |
| 4:30 | Queue | Villager (Male) |
| 4:30 | Queue | Villager (Male) |
| 4:31 | Queue | Villager (Male) |
| 4:31 | Queue | Villager (Male) |
| 4:31 | Queue | Villager (Male) |
| 4:32 | Queue | Villager (Male) |
| 4:32 | Queue | Villager (Male) |
| 5:28 | Queue | Villager (Male) |
| 5:28 | Queue | Villager (Male) |
| 5:29 | Queue | Villager (Male) |
| 5:34 | Build | House |
| 6:02 | Build | Lumber Camp |
| 6:21 | Queue | Villager (Male) |
| 6:21 | Queue | Villager (Male) |
| 6:22 | Queue | Villager (Male) |
| 6:38 | Queue | Villager (Male) |
| 6:38 | Queue | Villager (Male) |
| 6:38 | Queue | Villager (Male) |
| 7:24 | Queue | Villager (Male) |
| 7:33 | Queue | Villager (Male) |
| 7:49 | Build | Mill |
| 8:09 | Queue | Villager (Male) |
| 8:32 | Research | Feudal Age |
| 9:57 | Research | Loom |
| 9:57 | Queue | Villager (Male) |
| 10:05 | Build | Barracks |
| 10:48 | Build | House |
| 10:58 | Age | Feudal Age |
| 11:01 | Build | Stable |
| 11:27 | Queue | Villager (Male) |
| 11:36 | Build | Archery Range |
| 11:44 | Queue | Scout Cavalry |
| 11:44 | Queue | Scout Cavalry |
| 11:48 | Build | Palisade Wall |
| 11:53 | Build | Palisade Wall |
| 12:01 | Research | Double-Bit Axe |
| 12:28 | Queue | Villager (Male) |
| 12:51 | Build | House |
| 12:53 | Queue | Archer |
| 12:53 | Queue | Archer |
| 12:57 | Queue | Villager (Male) |
| 13:21 | Queue | Archer |
| 13:24 | Queue | Villager (Male) |
| 13:24 | Queue | Villager (Male) |
| 13:42 | Queue | Archer |
| 13:54 | Queue | Villager (Male) |
| 13:59 | Build | Farm |
| 14:00 | Build | Farm |
| 14:00 | Build | Farm |
| 14:00 | Build | Farm |
| 14:00 | Build | Farm |
| 14:01 | Build | Farm |
| 14:31 | Queue | Villager (Male) |
| 14:33 | Queue | Archer |
| 14:35 | Build | House |
Build order — Exkoria74
34 actions detected in the replay
| 1:35 | Build | Town Center |
| 2:43 | Build | House |
| 2:45 | Build | House |
| 2:56 | Build | House |
| 2:58 | Build | House |
| 3:35 | Queue | Villager (Male) |
| 3:35 | Queue | Villager (Male) |
| 3:36 | Queue | Villager (Male) |
| 3:36 | Queue | Villager (Male) |
| 4:34 | Queue | Villager (Male) |
| 5:07 | Queue | Villager (Male) |
| 5:50 | Queue | Villager (Male) |
| 5:55 | Queue | Villager (Male) |
| 6:41 | Queue | Villager (Male) |
| 6:43 | Queue | Villager (Male) |
| 6:57 | Build | Lumber Camp |
| 7:38 | Queue | Villager (Male) |
| 7:58 | Queue | Villager (Male) |
| 7:58 | Queue | Villager (Male) |
| 7:59 | Queue | Villager (Male) |
| 8:47 | Queue | Villager (Male) |
| 9:19 | Build | House |
| 9:21 | Build | House |
| 9:22 | Build | House |
| 9:28 | Queue | Villager (Male) |
| 9:59 | Queue | Villager (Male) |
| 10:02 | Queue | Villager (Male) |
| 10:27 | Build | Mill |
| 11:39 | Research | Feudal Age |
| 11:39 | Research | Loom |
| 11:56 | Queue | Villager (Male) |
| 13:49 | Age | Feudal Age |
| 13:57 | Build | Barracks |
| 14:26 | Queue | Villager (Male) |
Build order — Lion10K
56 actions detected in the replay
| 0:24 | Build | Town Center |
| 2:27 | Queue | Villager (Male) |
| 2:28 | Queue | Villager (Male) |
| 2:28 | Queue | Villager (Male) |
| 2:28 | Queue | Villager (Male) |
| 2:28 | Queue | Villager (Male) |
| 2:29 | Queue | Villager (Male) |
| 2:29 | Queue | Villager (Male) |
| 2:57 | Research | Loom |
| 3:32 | Queue | Villager (Male) |
| 3:32 | Queue | Villager (Male) |
| 3:32 | Queue | Villager (Male) |
| 3:41 | Research | Loom |
| 3:43 | Queue | Villager (Male) |
| 3:43 | Queue | Villager (Male) |
| 3:43 | Queue | Villager (Male) |
| 3:43 | Queue | Villager (Male) |
| 4:39 | Queue | Villager (Male) |
| 4:40 | Queue | Villager (Male) |
| 4:40 | Queue | Villager (Male) |
| 4:40 | Queue | Villager (Male) |
| 5:14 | Queue | Villager (Male) |
| 5:14 | Queue | Villager (Male) |
| 5:14 | Queue | Villager (Male) |
| 5:14 | Queue | Villager (Male) |
| 5:15 | Queue | Villager (Male) |
| 5:15 | Queue | Villager (Male) |
| 6:07 | Queue | Villager (Male) |
| 6:08 | Queue | Villager (Male) |
| 6:08 | Queue | Villager (Male) |
| 6:08 | Queue | Villager (Male) |
| 6:12 | Queue | Villager (Male) |
| 6:13 | Queue | Villager (Male) |
| 6:13 | Queue | Villager (Male) |
| 7:55 | Queue | Villager (Male) |
| 7:56 | Queue | Villager (Male) |
| 7:56 | Queue | Villager (Male) |
| 7:56 | Queue | Villager (Male) |
| 7:56 | Queue | Villager (Male) |
| 8:13 | Build | Lumber Camp |
| 8:19 | Queue | Villager (Male) |
| 8:20 | Queue | Villager (Male) |
| 8:20 | Queue | Villager (Male) |
| 10:43 | Build | Mill |
| 11:16 | Research | Feudal Age |
| 12:17 | Build | Mill |
| 13:18 | Queue | Villager (Male) |
| 13:19 | Queue | Villager (Male) |
| 13:20 | Queue | Villager (Male) |
| 13:26 | Age | Feudal Age |
| 13:29 | Build | Market |
| 14:07 | Build | Blacksmith |
| 14:18 | Queue | Villager (Male) |
| 14:19 | Queue | Villager (Male) |
| 14:49 | Build | Palisade Wall |
| 14:56 | Queue | Villager (Male) |
Build order — SimbaSKYwalker
28 actions detected in the replay
| 2:30 | Build | Town Center |
| 2:38 | Build | House |
| 2:40 | Build | House |
| 2:43 | Build | House |
| 2:45 | Build | House |
| 4:51 | Queue | Villager (Male) |
| 4:51 | Queue | Villager (Male) |
| 4:51 | Queue | Villager (Male) |
| 4:52 | Queue | Villager (Male) |
| 5:03 | Research | Loom |
| 5:48 | Queue | Villager (Male) |
| 6:05 | Queue | Villager (Male) |
| 7:00 | Queue | Villager (Male) |
| 7:26 | Queue | Villager (Male) |
| 8:03 | Queue | Villager (Male) |
| 8:33 | Queue | Villager (Male) |
| 9:00 | Build | Lumber Camp |
| 9:03 | Queue | Villager (Male) |
| 9:16 | Queue | Villager (Male) |
| 9:58 | Queue | Villager (Male) |
| 10:35 | Queue | Villager (Male) |
| 12:11 | Build | Barracks |
| 12:31 | Build | Mill |
| 13:28 | Queue | Villager (Male) |
| 13:28 | Queue | Villager (Male) |
| 14:07 | Build | Mining Camp |
| 14:35 | Queue | Villager (Male) |
| 14:35 | Queue | Villager (Male) |
Match timeline
| 10:05 | HellionBlue · first_building Barracks |
| 10:58 | HellionBlue · age_up feudal |
| 11:01 | HellionBlue · first_building Stable |
| 11:36 | HellionBlue · first_building Archery Range |
| 11:48 | HellionBlue · wall_segment Palisade Wall x1 |
| 11:53 | HellionBlue · wall_segment Palisade Wall x1 |
| 12:11 | SimbaSKYwalker · first_building Barracks |
| 13:26 | Lion10K · age_up feudal |
| 13:49 | Exkoria74 · age_up feudal |
| 13:57 | Exkoria74 · first_building Barracks |
| 14:49 | Lion10K · wall_segment Palisade Wall x8 |
| 14:57 | Exkoria74 · resign |
[ AI ANALYSIS · 1 CREDIT ]
What really happened in this match?
Wolo.gg analyzes every decision: build order, eco, micro, common mistakes by bracket. Personalized analysis on WhatsApp or Discord in 30 seconds.
Civ guide
Mongols
Perfil
Jugador #2698259